 Dungeon Crawl Stone Soup version 0.30-a0-760-g5a9884bb7c (webtiles) character file.

Game seed: 525983238078607012

649 Zenkrye the Shooter (level 7, -8/48 HPs)
             Began as a Barachi Hexslinger on Feb 10, 2023.
             Was an Initiate of Cheibriados.
             Mangled by a gnoll sergeant
             ... wielding a +0 trident
              (15 damage)
             ... on level 6 of the Dungeon.
             The game lasted 00:13:54 (4291 turns).

Zenkrye the Shooter (Barachi Hexslinger)            Turns: 4291, Time: 00:13:54

Health: -8/48      AC:  3    Str: 18    XL:     7   Next: 53%
Magic:  13/22      EV: 12    Int: 14    God:    Cheibriados [......]
Gold:   327        SH:  0    Dex: 16    Spells: 3/9 levels left

rFire   . . .      SeeInvis .    w - +8 sling of the Lamprey {drain, *Slow rElec rN+}
rCold   . . .      Faith    +    (no shield)
rNeg    + . .      Spirit   .    c - +1 robe
rPois   .          Reflect  .    (no helmet)
rElec   +          Harm     .    (no cloak)
rCorr   .          Rampage  .    (no gloves)
Will    .....                    (no boots)
Stlth   +                        t
                                   - Hermit's Pendant {Faith Invo=14 Evo=0 MP+5}
HPRegen 0.28/turn                z - ring of Xom's Passing Interest {Ice Str+6}
MPRegen 0.18/turn                f - ring of fire

@: unable to hop, very slow
A: amphibious, slowness 1, strong legs 1, +LOS
a: Hop, Renounce Religion


You were on level 6 of the Dungeon.
You worshipped Cheibriados.
Cheibriados was noncommittal.
You visited 2 branches of the dungeon, and saw 7 of its levels.

You collected 327 gold pieces.

Inventory:

Hand Weapons
 a - a +1 sling of chaos
 h - a +1 dagger of speed
 m - a +0 trident
 w - the +8 sling of the Lamprey (weapon) {drain, *Slow rElec rN+}
   (You found it on level 4 of the Dungeon)

   rElec:     It insulates you from electricity.
   rN:        It protects you from negative energy.
   *Slow:     It may slow you when you take damage.
Missiles
 g - a boomerang of dispersal
Armour
 c - a +1 robe (worn)
 n - a +0 ring mail
Jewellery
 f - a ring of fire (right hand)
 t - the Hermit's Pendant (around neck) {Faith Invo=14 Evo=0 MP+5}
   (You found it on level 3 of the Dungeon)

   [amulet of faith]

   Invo=14: It sets your Invocations skill to 14.
   Evo=0: It sets your Evocations skill to 0.
   It allows you to gain divine favour quickly.
   MP:        It affects your magic capacity (+5).
 z - the ring of Xom's Passing Interest (left hand) {Ice Str+6}
   (You found it on level 6 of the Dungeon)

   [ring of ice]

   It enhances your ice magic.
   Str:       It affects your strength (+6).
   rF:        It makes you vulnerable to fire.
   rC:        It protects you from cold.
Wands
 o - a wand of light (5)
 u - a wand of charming (5)
Scrolls
 b - a scroll of poison
 i - 2 scrolls of identify {@r1}
 q - a scroll of torment
 v - a scroll of teleportation {@r3}
 y - a scroll of magic mapping
 B - a scroll of silence
Potions
 d - 2 potions of berserk rage
 e - a potion of mutation {unknown}
 j - a potion of attraction {unknown}
 k - 8 potions of curing {unknown}
 l - a potion of cancellation {unknown}
 p - a potion of degeneration {unknown}
 r - a potion of heal wounds {unknown}
 s - a potion of brilliance
 x - a potion of ambrosia
 A - a potion of haste {unknown}


   Skills:
 - Level 1.2 Fighting
 + Level 5.7 Ranged Weapons
 - Level 2.1 Dodging
 + Level 1.5 Spellcasting
 - Level 5.0 Hexes
 + Level 4.7 Fire Magic


You had 3 spell levels left.
You knew the following spells:

 Your Spells              Type           Power      Damage    Failure   Level
a - Slow                  Hex            60%        N/A       3%          1
b - Scorch                Fire           42%        2d7       5%          2
c - Inner Flame           Hex/Fire       22%        N/A       10%         3

Your spell library contained the following spells:

 Spells                   Type           Power      Damage    Failure   Level
 Confusing Touch          Hex            15%        N/A       10%         3
 Apportation              Tloc           2%         N/A       26%         1
 Summon Small Mammal      Summ           4%         N/A       26%         1
 Portal Projectile        Hex/Tloc       16%        N/A       26%         3
 Summon Guardian Golem    Hex/Summ       8%         N/A       26%         3
 Call Canine Familiar     Summ           1%         N/A       58%         3
 Vampiric Draining        Necr           1%         2d6       58%         3
 Cause Fear               Hex            7%         N/A       32%         4
 Flame Wave               Conj/Fire      11%        2d6       67%         4
 Alistair's Intoxication  Tmut/Pois      0%         N/A       100%        5
 Summon Cactus Giant      Summ           0%         N/A       100%        6


Dungeon Overview and Level Annotations

Branches:
Dungeon (6/15)             Temple (1/1) D:4

Altars:
Ashenzari
Cheibriados
Gozag
Hepliaklqana
Kikubaaqudgha
Makhleb
Okawaru
Qazlal
Ru
Sif Muna
Trog
Uskayaw
Wu Jian
Xom
Yredelemnul

Annotations:
D:6 1 runed translucent door, holysushi's ghost, novice DsWr


Innate Abilities, Weirdness & Mutations

You are amphibious.
You cover ground slowly.
You can hop short distances.
You have an extended range of vision and can be seen from far away.


Message History

Press: ? - help, Dir - move target, f/p - gnoll
Aim: a gnoll, wielding a +0 club (chance to affect: 83%)
You feel a surge of power!
You miscast Inner Flame.
You are very lightly contaminated with residual magic.
Nothing appears to happen.
Casting: Inner Flame (dangerous; 11% risk of failure)
Confirm with . or Enter, or press ? or * to list all spells.
Aiming: Slow (safe; 3% risk of failure)
Press: ? - help, Shift-Dir - straight line, f/p - gnoll
Aim: a gnoll, wielding a +0 club (chance to affect: 57%)
The gnoll seems to slow down.
You shoot a sling bullet. The sling bullet hits the gnoll.
The gnoll is moderately wounded.
You shoot a sling bullet.
The sling bullet barely misses the gnoll.
You shoot a sling bullet. The sling bullet hits the gnoll.
The gnoll is almost dead.
The gnoll sergeant hits you from afar with a +0 trident!
The gnoll completely misses you.
You shoot a sling bullet. The sling bullet hits the gnoll.
You kill the gnoll!
Cheibriados appreciates the change of pace.
The gnoll sergeant hits you from afar with a +0 trident!
You hear a shout!
You are too injured to fight recklessly!
Unknown command.
You are too injured to fight recklessly!
Casting: Slow (safe; 3% risk of failure)
Confirm with . or Enter, or press ? or * to list all spells.
Aiming: Slow (safe; 3% risk of failure)
Press: ? - help, Shift-Dir - straight line, f - gnoll sergeant
Aim: a gnoll sergeant, wielding a +0 trident and wearing a +0 scale mail (chance to affect: 49%)
The gnoll sergeant resists with some effort.
A gnoll comes into view. It is wielding a +0 flail.
The gnoll sergeant hits you from afar with a +0 trident!
* * * LOW HITPOINT WARNING * * *
The gnoll shouts!
Your magical contamination has completely faded away.
The gnoll sergeant hits you from afar with a +0 trident!
You die...

##.....### ...........
#.#....###.. ........ .'..
##....#...###..
......+....#..!
##......#....#.#.
.#########.......#....#.#.
..$...gg(@.# ...#...
#......##..##########.####
+..... +.>................
#.§.☼ ###........###...##
#..° #........# #...#. ..°
#........###...#. #.
#........#...#... #
#........#.###...
#.########.# ##..


You could see a gnoll sergeant and a gnoll.

Vanquished Creatures
  A black bear (D:6)
  An ogre (D:5)
  2 scorpions (D:4)
  A necrophage (D:6)
  A wight (D:5)
  A hound (D:4)
  An orc priest (D:4)
  An orc wizard (D:3)
  7 adders
  3 gnolls (D:6)
  A shadow imp (D:6)
  2 worms (D:4)
  A dart slug (D:4)
  5 orcs
  5 endoplasms
  5 goblins
  7 hobgoblins
  2 jackals (D:3)
  6 kobolds
  2 quokkas
  6 ball pythons
  A bat (D:2)
  2 frilled lizards
64 creatures vanquished.

Vanquished Creatures (others)
  A plant (D:5)
1 creature vanquished.

Grand Total: 65 creatures vanquished

Notes
Turn   | Place    | Note
-------+----------+-------------------------------------------
     0 | D:1      | Zenkrye the Barachi Hexslinger began the quest for the Orb.
     0 | D:1      | Reached XP level 1. HP: 15/15 MP: 2/2
    82 | D:1      | Reached XP level 2. HP: 21/21 MP: 3/3
   120 | D:1      | Learned a level 2 spell: Scorch
   739 | D:2      | Reached XP level 3. HP: 2/26 MP: 0/4
   871 | D:2      | Found a faded altar of an unknown god.
  1570 | D:3      | Reached XP level 4. HP: 21/32 MP: 5/5
  1922 | D:3      | Found the Hermit's Pendant {Faith Invo=14 Evo=0 MP+5}
  2652 | D:4      | Identified the +8 sling of the Lamprey {drain, *Slow rElec
                  | rN+}
  2680 | D:4      | Noticed a scorpion
  2685 | D:4      | Killed a scorpion
  2686 | D:4      | Reached skill level 5 in Hexes
  2686 | D:4      | Reached skill level 1 in Fire Magic
  2686 | D:4      | Reached XP level 5. HP: 37/37 MP: 6/6
  2776 | D:4      | Found a staircase to the Ecumenical Temple.
  2780 | Temple   | Entered the Ecumenical Temple
  2890 | Temple   | Learned a level 3 spell: Inner Flame
  2901 | Temple   | Became a worshipper of Cheibriados the Contemplative
  3238 | D:4      | Reached XP level 6. HP: 41/43 MP: 16/16
  3521 | D:5      | Entered Level 5 of the Dungeon
  3548 | D:5      | Reached skill level 5 in Ranged Weapons
  3589 | D:5      | Found an iron altar of Okawaru.
  3675 | D:5      | Noticed a hornet
  3732 | D:6      | Identified the ring of Xom's Passing Interest {Ice Str+6}
  3763 | D:6      | Found a runed translucent door.
  3767 | D:6      | Noticed holysushi's ghost (novice DsWr)
  3852 | D:6      | Reached XP level 7. HP: 29/48 MP: 17/17
  4291 | D:6      | Mangled by a gnoll sergeant

Illustrated notes

Levels and vault maps discovered:
D:1:      nzn_arrival_depleted_hourglass, layout_rooms, minmay_door_square,
          minmay_misc_feat_four_crosses, minmay_pentomino_r4
D:2:      layout_loops_corners, shapermc_ecumenical_altar_totnotflames,
          dreamdust_princess_bridge
D:3:      layout_loops_corners
D:4:      layout_rooms, minmay_temple_entry_proselytizer,
          cheibrodos_sewer_entry_bend, chequers_big_river, minmay_puff
D:5:      layout_basic, kennysheep_mini_moat, mainiacjoe_overflow_alcove_4,
          tso_oasis_becter
D:6:      layout_basic, hellmonk_ghost_happy_afterlife
Temple:   nicolae_temple_two_arcs

Skill      XL: |  1  2  3  4  5  6 |
---------------+-------------------+-----
Hexes          | 4 5 |  5.0
Ranged Weapons | 3 4 5 |  5.7
Fire Magic     | 1 2 4 |  4.7
Fighting       | |  1.2
Dodging        | |  2.1
Spellcasting   | |  1.5

Action                     |  1- 3 |  4- 6 |  7- 9 || total
---------------------------+-------+-------+-------++-------
   Fire: Sling             |    90 |   107 |    19 ||   216
   Cast: Slow              |     3 |     7 |     8 ||    18
         Scorch            |     2 |     1 |       ||     3
         Inner Flame       |       |       |     2 ||     2
Ability: Hop               |     1 |       |     2 ||     3
    Use: Scroll            |     5 |     4 |     2 ||    11
         Potion            |     2 |       |       ||     2
 Armour: Robe              |    14 |    10 |     7 ||    31
  Dodge: Dodged            |    26 |    27 |    15 ||    68

Table legend: (Time is in decaauts)
 A = Elapsed time spent in this place.
 B = Non-inter-level travel time spent in this place.
 C = Inter-level travel time spent in this place.
 D = Time resting spent in this place.
 E = Time spent auto-exploring this place.
 F = Levels seen in this place.
 G = Mean time per level.
                   A        B        C        D        E       F      G
               +--------+--------+--------+--------+--------+-----+--------+
         Total |   5220 |   4943 |    277 |    234 |   4040 |   7 |  745.7 |
       Dungeon |   5057 |   4792 |    265 |    234 |   3933 |   6 |  842.8 |
        Temple |    162 |    151 |     11 |      0 |    106 |   1 |  162.0 |
               +--------+--------+--------+--------+--------+-----+--------+

Top non-repeatable levels by time:
     D:3: 1195 daAuts
     D:4: 1120 daAuts
     D:2: 1011 daAuts
     D:1: 720 daAuts
     D:6: 630 daAuts
     D:5: 379 daAuts
  Temple: 162 daAuts
